 Dungeon Crawl Stone Soup version 0.17.1-3-g152610e (webtiles) character file.

646 Metrazal the Covert (level 7, -8/33 HPs)
             Began as a Spriggan Assassin on Feb 26, 2016.
             Was a Follower of Elyvilon.
             Mangled by Prince Ribbit (11 damage)
             ... on level 5 of the Dungeon on Feb 27, 2016.
             The game lasted 00:27:08 (3873 turns).

Metrazal the Covert (Spriggan Assassin)             Turns: 3873, Time: 00:27:08

Health: -8/33      AC:  3    Str:  7    XL:     7   Next: 27%
Magic:  0/8        EV: 22    Int: 13    God:    Elyvilon [*.....]
Gold:   124        SH:  0    Dex: 19    Spells: 0 memorised, 6 levels left

rFire  . . .     SeeInvis +     a - +4 dagger
rCold  + . .     Clarity  .     y - +0 robe
rNeg   . . .     SustAt   .     (shield restricted)
rPois  .         Gourm    .     (helmet restricted)
rElec  .         Spirit   +     d - +0 cloak
rCorr  .         Warding  .     (gloves unavailable)
rMut   .         Stasis   .     (boots unavailable)
MR     +....                    x - amulet of guardian spirit
Stlth  +++++.....               (no ring)
                                p - ring of protection from cold

@: drained, very quick, somewhat resistant to hostile enchantments, quite
stealthy
A: unfitting armour, see invisible, herbivore 3, speed 3, slow metabolism 2
a: Lesser Healing, Divine Protection, Renounce Religion


You were on level 5 of the Dungeon.
You worshipped Elyvilon.
Elyvilon was aware of your devotion.
You were full.

You visited 2 branches of the dungeon, and saw 6 of its levels.

You collected 124 gold pieces.

Inventory:

Hand Weapons
 a - a +4 dagger (weapon)
 b - a +0 blowgun
 c - a +0 shortbow
Missiles
 e - 8 poisoned needles
 f - 2 curare-tipped needles
 i - 171 stones (quivered)
 o - 6 needles of paralysis
 u - 42 arrows
 v - 6 arrows of frost
 w - 13 sling bullets
Armour
 d - a +0 cloak (worn)
 y - a +0 robe (worn)
Jewellery
 p - a ring of protection from cold (left hand)
 x - an amulet of guardian spirit (around neck)
Scrolls
 h - 2 scrolls of teleportation {unknown}
 l - a scroll of magic mapping {unknown}
 m - 4 scrolls of identify {unknown}
 n - 2 scrolls of noise {unknown}
 q - 7 scrolls of immolation {unknown}
 r - a scroll of fog {unknown}
 s - 3 scrolls of fear {unknown}
 t - 6 scrolls of remove curse
Potions
 j - 2 potions of haste {unknown}
 k - 3 potions of lignification {unknown}
 z - a potion of degeneration {unknown}
 A - 4 potions of brilliance {unknown}
 B - a potion of flight {unknown}
Comestibles
 g - 3 bread rations


   Skills:
 - Level 1.5(1.2) Fighting
 + Level 5.1(4.7) Short Blades
 + Level 2.2(1.8) Bows
 - Level 2.0(1.6) Throwing
 + Level 6.6(6.1) Dodging
 + Level 9.0(8.6) Stealth


You had 6 spell levels left.
You didn't know any spells.

Dungeon Overview and Level Annotations

Branches:
Dungeon (5/15)             Temple (1/1) D:4

Altars:
Ashenzari
Cheibriados
Dithmenos
Elyvilon
Fedhas
Kikubaaqudgha
Makhleb
Nemelex Xobeh
Okawaru
Qazlal
Ru
Trog
Vehumet
Xom
Yredelemnul
Zin
The Shining One

Annotations:
D:5 Prince Ribbit; dricus's ghost, novice MiBe


Innate Abilities, Weirdness & Mutations

You are tiny and cannot use many weapons and most armour.
You have supernaturally acute eyesight.
You are a herbivore.
You cover ground extremely quickly.
You need consume almost no food.


Message History

Prince Ribbit is heavily wounded.
Prince Ribbit barely misses you.
Prince Ribbit momentarily phases out as your attack passes through him.
Prince Ribbit is heavily wounded.
Prince Ribbit hits you but does no damage.
You closely miss Prince Ribbit.
Prince Ribbit is heavily wounded.
Prince Ribbit hits you!
You hit Prince Ribbit.
Prince Ribbit is heavily wounded.
Prince Ribbit croaks regally.
Prince Ribbit completely misses you.
You hit Prince Ribbit.
Prince Ribbit is severely wounded.
Prince Ribbit hits you!
* * * LOW HITPOINT WARNING * * *
You hit Prince Ribbit.
Prince Ribbit is almost dead.
Prince Ribbit hits you!
You die...

###.....#...
+....#
#.......#
#...##
###.......#
#...
#.'.......#
#...
###......##
#### #......#
######.#
#######.#######
#......@......#
#####..F..###.#
#.....# #.....#
#.....# #######


You could see Prince Ribbit.

Vanquished Creatures
  A centaur (D:4)
  4 wights (D:5)
  A giant frog zombie (D:3)
  The ghost of Metrazal the Sneak, a weakling SpAs (D:3)
  3 hounds
  A worker ant (D:5)
  7 adders
  6 gnolls
  A shadow imp (D:5)
  3 oozes (D:1)
  3 worms
  An adder skeleton (D:5)
  5 giant geckos
  6 orcs
  5 giant cockroaches
  9 goblins
  8 hobgoblins
  3 jackals (D:2)
  4 quokkas
  A ball python (D:1)
  3 bats
  A giant newt (D:3)
  9 kobolds
  5 rats
91 creatures vanquished.

Notes
Turn   | Place    | Note
--------------------------------------------------------------
     0 | D:1      | Metrazal the Spriggan Assassin began the quest for the Orb.
     0 | D:1      | Reached XP level 1. HP: 10/10 MP: 2/2
    16 | D:1      | Reached skill level 6 in Stealth
    95 | D:1      | Reached XP level 2. HP: 7/14 MP: 3/3
   381 | D:1      | Reached XP level 3. HP: 7/18 MP: 4/4
  1257 | D:3      | Reached XP level 4. HP: 22/22 MP: 5/5
  1358 | D:3      | Found an ancient bone altar of Kikubaaqudgha.
  1436 | D:3      | Reached skill level 7 in Stealth
  1672 | D:3      | Noticed Metrazal's ghost (weakling SpAs)
  1684 | D:3      | Killed Metrazal's ghost
  1810 | D:3      | Reached XP level 5. HP: 14/25 MP: 2/6
  2246 | D:3      | Found a glowing golden altar of the Shining One.
  2247 | D:3      | Found a shimmering altar of Xom.
  2247 | D:3      | Found a basalt altar of Yredelemnul.
  2248 | D:3      | Found a burning altar of Makhleb.
  2249 | D:3      | Found a blossoming altar of Fedhas.
  2250 | D:3      | Found a sparkling altar of Nemelex Xobeh.
  2251 | D:3      | Found a shadowy altar of Dithmenos.
  2643 | D:4      | Reached skill level 5 in Dodging
  2768 | D:4      | Found a staircase to the Ecumenical Temple.
  2777 | Temple   | Entered the Ecumenical Temple
  2819 | Temple   | Became a worshipper of Elyvilon the Healer
  2891 | D:4      | Reached skill level 8 in Stealth
  2891 | D:4      | Reached XP level 6. HP: 30/30 MP: 7/7
  2919 | D:4      | Noticed a centaur
  2922 | D:4      | Killed a centaur
  3110 | D:5      | Entered Level 5 of the Dungeon
  3320 | D:5      | Noticed dricus's ghost (novice MiBe)
  3357 | D:5      | Found a bloodstained altar of Trog.
  3361 | D:5      | Reached skill level 1 in Bows
  3404 | D:5      | Reached XP level 7. HP: 18/33 MP: 4/8
  3413 | D:5      | Reached skill level 5 in Short Blades
  3818 | D:5      | Reached * piety under Elyvilon
  3822 | D:5      | Reached skill level 9 in Stealth
  3855 | D:5      | Noticed Prince Ribbit
  3873 | D:5      | Mangled by Prince Ribbit

Action                   |  1- 3 |  4- 6 |  7- 9 || total
-------------------------+-------+-------+-------++-------
Melee: Dagger            |   103 |   141 |    48 ||   292
 Fire: Blowgun           |     2 |       |       ||     2
Throw: Stone             |       |     1 |       ||     1
  Use: Scroll            |       |     1 |       ||     1
 Stab: Sleeping          |    12 |    16 |     3 ||    31
  Eat: Bread ration      |       |       |     1 ||     1
